 Dungeon Sprint DCSS version 0.23.2-40-g277498a001 (webtiles) character file.

Game seed: 18227645824905528362

1696 Devam the Fighter (level 8, -5/68 HPs)
             Began as a Mummy Necromancer on Sept 27, 2019.
             Was an Initiate of Gozag.
             Slain by a merfolk
             ... wielding a cursed -3 trident
              (10 damage)
             ... in the Dungeon (Sprint V: "Ziggurat Sprint").
             The game lasted 00:08:35 (374 turns).

Devam the Fighter (Mummy Necromancer)                Turns: 374, Time: 00:08:36

Health: -5/68      AC: 15    Str: 23    XL:     8   Next: 72%
Magic:  14/17      EV: 10    Int: 22    God:    Gozag
Gold:   242        SH:  0    Dex: 17    Spells: 12/19 levels left

rFire    + . .     SeeInvis .   w - +5 demon whip
rCold    . . .     Gourm    .   d - +3 buckler
rNeg     + + +     Faith    .   b - +5 fire dragon scales
rPois    ∞         Spirit   .   (no helmet)
rElec    .         Reflect  .   (no cloak)
rCorr    .         Harm     .   (no gloves)
MR       +....     NoTele   +   (no boots)
Stlth    +.........             (no amulet)
HPRegen  0.21/turn              i - +6 ring of intelligence
MPRegen  0.15/turn              k - +6 ring of strength

@: mighty, agile, gold aura, held, hasted, studying Slings, very quick
A: no food or potions, fire vulnerability, cold resistance 1, negative energy
resistance 3, torment resistance, unbreathing
a: Potion Petition, Call Merchant, Bribe Branch, Renounce Religion


You were in the Dungeon.
You worshipped Gozag.
Gozag was aware of your devotion.
You were not hungry.

You visited 1 branch You collected 909 gold pieces.
You paid 667 gold pieces to Gozag.

Inventory:

Hand Weapons
 v - the +6 Majin-Bo {vamp, Archmagi MP+6 Int+6}
   (You found it in the Dungeon)

   It inflicts no extra harm, but heals its wielder when it wounds a living foe.
   It affects your intelligence (+6).
   It affects your magic capacity (+6).
 w - a +5 demon whip (weapon)
Armour
 b - +5 fire dragon scales (worn)
 d - a +3 buckler (worn)
 e - a +3 large shield
 f - a +3 shield
Jewellery
 g - a +6 ring of dexterity
 h - a +6 ring of dexterity
 i - a +6 ring of intelligence (left hand)
 j - a +6 ring of intelligence
 k - a +6 ring of strength (right hand)
 l - a +6 ring of strength
Wands
 r - a wand of disintegration (7)
 s - a wand of iceblast (4)
 t - a wand of acid (7)
Scrolls
 c - 4 scrolls of blinking
 m - 4 scrolls of amnesia
 n - 7 scrolls of fog
 o - 5 scrolls of identify {@r1}
 p - 5 scrolls of remove curse {@r2}
 q - a scroll of fear
Books
 x - a manual of Slings
Miscellaneous
 a - a phantom mirror
 u - a lightning rod (4/4)


   Skills:
 + Level 8.3 Fighting
 + Level 6.9 Maces & Flails
 + Level 6.9 Armour
 - Level 1.5 Dodging
 - Level 1.5 Stealth
 + Level 6.3 Shields
 - Level 6.2 Spellcasting
 + Level 4.0 Conjurations
 - Level 8.2 Necromancy
 + Level 3.8 Earth Magic


You had 12 spell levels left.
You knew the following spells:

 Your Spells              Type           Power        Failure   Level  Hunger
a - Pain                  Necr           ####         1%          1    N/A
b - Vampiric Draining     Necr           #####.....   2%          3    N/A
c - Stone Arrow           Conj/Erth      ###...       14%         3    N/A

Your spell library contained the following spells:

 Spells                   Type           Power        Failure   Level  Hunger
 Animate Skeleton         Necr           N/A          1%          1    N/A
 Animate Dead             Necr           N/A          9%          4    N/A
 Flame Tongue             Conj/Fire      ###..        11%         1    N/A
 Ignite Poison            Fire/Tmut/Pois #.......     58%         3    N/A
 Lesser Beckoning         Tloc           #.........   58%         3    N/A
 Fireball                 Conj/Fire      ###.......   96%         5    N/A
 Venom Bolt               Conj/Pois      ###.......   96%         5    N/A
 Bolt of Fire             Conj/Fire      ###.......   100%        6    N/A
 Orb of Destruction       Conj           ###.......   100%        7    N/A
 Regeneration             Chrm/Necr      Unusable     N/A         3    N/A

Dungeon Overview and Level Annotations

Branches:
Dungeon (1/1)

Altars:
Ashenzari
Cheibriados
Dithmenos
Elyvilon
Fedhas
Gozag
Hepliaklqana
Kikubaaqudgha
Makhleb
Nemelex Xobeh
Okawaru
Qazlal
Ru
Sif Muna
Trog
Uskayaw
Vehumet
Wu Jian
Xom
Yredelemnul
Zin
The Shining One
Beogh
Jiyva
Lugonu

Annotations:
D 1 transporter


Innate Abilities, Weirdness & Mutations

You do not eat or drink.
Your flesh is vulnerable to fire.
You are immune to poison.
Your flesh is cold resistant. (rC+)
You are immune to negative energy. (rN+++)
You are immune to unholy pain and torment.
You can survive without breathing.


Message History

As you read the scroll of fear, it crumbles to dust.
You assume a fearsome visage.
The merfolk looks frightened! x4
The merfolk resists with some effort.
Okay, then.
Evoke which item? (* to show all) (? for menu, Esc to quit)
Aiming: Iceblast
Press: ? - help, Shift-Dir - straight line, f - merfolk, p - merfolk
Aim: a merfolk, wielding a +0 trident (severely wounded, fleeing)
The mass of ice explodes!
The iceblast engulfs the merfolk!
The merfolk is almost dead.
Your attack snaps the merfolk out of its fear.
The iceblast engulfs the merfolk!
You kill the merfolk!
Your lightning rod (4/4) has regained four charges.
Your Conjurations skill increases to level 4!
The iceblast engulfs the merfolk!
The merfolk is severely wounded.
The merfolk hits you from afar with a cursed -3 trident!
You die...
Your body crumbles into a pile of gold.

▓..©..▓..©..▓▓▓▓▓▓▓
▓▓▓▓▓▓▓▓▓▓▓▓▓▓▓▓▓▓▓
▓..8©8...▓..8©8...▓
▓..)))...▓..))}...▓
▓........▓..[m:...▓
▓........▓.m...m..▓
▓........▓...$.m..▓
▓.▓....▓.▓........▓
▓...©....▓...@....▓
▓▓▓▓▓▓▓▓▓▓▓▓▓▓▓▓▓▓▓


You could see 4 merfolk.

Vanquished Creatures
  A merfolk (D)
  An air elemental (D)
  5 spriggans (D)
  An insubstantial wisp (D)
  4 black bears (D)
  2 wolves (D)
14 creatures vanquished.

Notes
Turn   | Place    | Note
-------+----------+-------------------------------------------
     0 | D        | Found the +6 Majin-Bo {vamp, Archmagi MP+6 Int+6}
     0 | D        | Found the +7 great mace "Firestarter" {inner flame, rF++}
     0 | D        | Devam the Mummy Necromancer began the quest for the Orb.
     0 | D        | Reached XP level 1. HP: 13/13 MP: 4/4
     3 | D        | Found a blossoming altar of Fedhas.
     5 | D        | Found a viscous altar of Jiyva.
     5 | D        | Found a hazy altar of Hepliaklqana.
     5 | D        | Found a transporter.
     5 | D        | Found an opulent altar of Gozag.
     5 | D        | Found an ancient bone altar of Kikubaaqudgha.
     5 | D        | Found a corrupted altar of Lugonu.
    15 | D        | Found a burning altar of Makhleb.
    16 | D        | Found a stormy altar of Qazlal.
    16 | D        | Found a sacrificial altar of Ru.
    16 | D        | Found an iron altar of Okawaru.
    16 | D        | Found a deep blue altar of Sif Muna.
    16 | D        | Found a sparkling altar of Nemelex Xobeh.
    16 | D        | Found a bloodstained altar of Trog.
    41 | D        | Found the +9 heavy crossbow "Sniper" {velocity, Acc+∞ SInv}
    41 | D        | Found the +10 dark maul {crush}
    41 | D        | Found the +15 Maxwell's patent armour {-Cast -Tele rElec
                  | MR+ rCorr}
    41 | D        | Found the +18 shield of the Gong {rElec rN+ MR+ EV-5}
    41 | D        | Found the cursed +14 obsidian axe {chop, +Fly SInv *Curse}
    43 | D        | Found the +6 shillelagh "Devastator" {shatter}
    43 | D        | Found the +11 plutonium sword {*Contam Stlth-}
    43 | D        | Found the +8 lance "Wyrmbane" {slay drac, rPois rF+ rC+
                  | AC+3}
    43 | D        | Found the +9 sword of Zonguldrok {reap}
    43 | D        | Found the cursed +13 scythe of Curses {drain, *Curse}
    43 | D        | Found the +0 sword of Power
    43 | D        | Found the +7 mace of Variability {chain chaos}
    43 | D        | Found the +7 Singing Sword {slice, sonic wave}
    43 | D        | Found the +7 longbow "Piercer" {penet, EV-2}
    53 | D        | Became a worshipper of Gozag Ym Sagoz the Greedy
    89 | D        | Entered arena 2.
    89 | D        | Noticed an air elemental
    89 | D        | Noticed an insubstantial wisp
    89 | D        | Found a transporter.
    91 | D        | Killed an insubstantial wisp
    91 | D        | Reached skill level 5 in Necromancy
    91 | D        | Reached XP level 2. HP: 15/23 MP: 4/7
    91 | D        | Reached XP level 3. HP: 18/28 MP: 5/9
    91 | D        | Reached XP level 4. HP: 22/34 MP: 5/10
    92 | D        | HP: 1/34 [air elemental (9)]
    95 | D        | Killed an air elemental
    95 | D        | Reached XP level 5. HP: 32/43 MP: 5/13
   192 | D        | Learned a level 3 spell: Vampiric Draining
   193 | D        | Entered arena 3.
   193 | D        | Noticed a black bear
   193 | D        | Noticed a spriggan
   193 | D        | Noticed a spriggan
   193 | D        | Found a transporter.
   195 | D        | Killed a spriggan
   195 | D        | Reached skill level 5 in Fighting
   195 | D        | Reached XP level 6. HP: 51/51 MP: 15/15
   196 | D        | Killed a spriggan
   196 | D        | Reached skill level 5 in Maces & Flails
   196 | D        | Reached skill level 5 in Armour
   197 | D        | Reached XP level 7. HP: 59/59 MP: 16/16
   207 | D        | Got the Compendium of Combat Magic
   216 | D        | Learned a level 3 spell: Stone Arrow
   217 | D        | Entered arena 4.
   217 | D        | Noticed a spriggan
   217 | D        | Noticed a spriggan
   217 | D        | Noticed a spriggan
   217 | D        | Found a transporter.
   219 | D        | Killed a spriggan
   219 | D        | Reached skill level 5 in Shields
   219 | D        | Reached skill level 1 in Conjurations
   219 | D        | Reached skill level 1 in Earth Magic
   219 | D        | Killed a spriggan
   221 | D        | Killed a spriggan
   221 | D        | Reached XP level 8. HP: 67/67 MP: 17/17
   234 | D        | Got the Tome of Blistering Orientation
   238 | D        | Entered arena 5.
   238 | D        | Found a transporter.
   366 | D        | Entered arena 6.
   366 | D        | Noticed a merfolk
   366 | D        | Noticed a merfolk
   366 | D        | Noticed a merfolk
   366 | D        | Noticed a merfolk
   366 | D        | Noticed a merfolk
   366 | D        | Found a transporter.
   374 | D        | Killed a merfolk
   374 | D        | Slain by a merfolk

Skill      XL: |  1  2  3  4  5  6  7  8 |
---------------+-------------------------+-----
Fighting       | 2 4 5 6 7 8 |  8.3
Maces & Flails | 2 3 4 5 6 |  6.9
Armour         | 2 3 4 5 6 |  6.9
Shields        | 2 3 4 5 6 |  6.3
Spellcasting   | 4 6 |  6.2
Necromancy     | 5 6 7 8 |  8.2
Conjurations   | 2 4 |  4.0
Earth Magic    | 2 3 |  3.8
Dodging        | |  1.5
Stealth        | |  1.5

Action                   |  1- 3 |  4- 6 |  7- 9 || total
-------------------------+-------+-------+-------++-------
Melee: Demon whip        |       |     4 |    19 ||    23
 Cast: Vampiric Draining |       |       |     6 ||     6
       Stone Arrow       |       |       |     1 ||     1
Invok: Potion Petition   |       |     1 |     1 ||     2
Evoke: Wand              |     1 |     1 |     1 ||     3
       Lightning rod     |       |     3 |     8 ||    11
  Use: Scroll            |       |       |     1 ||     1
Armor: Fire dragon scale |     1 |     4 |    33 ||    38
Dodge: Dodged            |       |     2 |    35 ||    37
Block: Buckler           |     1 |     2 |    21 ||    24
